cohdb
Replays
Latest Replays
All Replays
Popular Replays
Top Player Replays
Match Explorer
How It Works
Community
CoH3 Stats
Reddit
Sign in to upload your games and track your stats! →
Sign in with Steam
Landeplatz Gazala 16.02.2024
Match 19055778
Overview
Messages
Build Orders
End
Construct Barracks
Selects Armored Battlegroup
Selects Fast Deploy
Selects Veteran Crews
1⁄4-ton 4x4 Truck
Riflemen Squad
Riflemen Squad
Mechanized Support Center
Grenade Package
Construct Motor Pool
M8 Greyhound Armored Car
Engineer Squad
Riflemen Squad
M8 Greyhound Armored Car
.30 cal Machine Gun
Selects Seek and Destroy
M24 Chaffee Light Tank
M1918 Browning Automatic Rifles
Improvised Armor
Selects Field Repairs
Selects War Machine
Riflemen Squad
M1 Mortar Team
M24 Chaffee Light Tank
M24 Chaffee Light Tank
M24 Chaffee Light Tank
M1 Anti-tank Gun Team
M1 Anti-tank Gun Team
Riflemen Squad
M24 Chaffee Light Tank
Construct Weapon Support Center
Selects M4A3E8 Sherman Combat Group
M1919 Machine Gun Team
M1919 Machine Gun Team
.30 cal Machine Gun
M4A3E8 Sherman Combat Group
.30 cal Machine Gun
.30 cal Machine Gun
M4A3E8 Sherman Combat Group
Mortar Pit
Mortar Pit
M4A3E8 Sherman Combat Group
Specialized Munitions
M4A3E8 Sherman Combat Group
.30 cal Machine Gun
M4A3E8 Sherman Combat Group
.30 cal Machine Gun
Gaz
thedada13
Pablito
AirborneDivision
AfroNinja
Naoned
0
0
Comments
sign in to comment!
No comments posted yet!